 Seeded DCSS version 0.29-a0-375-g5102b3be25 (webtiles) character file.

Game seed: 13605594255664981076 (custom seed)

2056 thiscave3701365 the Cleaver (level 9, -2/118 HPs)
             Began as a Minotaur Berserker on May 3, 2022.
             Was a Believer of Trog.
             Splashed by a jelly's acid (5 damage)
             ... on level 6 of the Dungeon.
             The game lasted 00:04:37 (7333 turns).

thiscave3701365 the Cleaver (Minotaur Berserker)    Turns: 7333, Time: 00:04:39

Health: -2/118     AC: 13    Str: 27    XL:     9   Next: 5%
Magic:  8/8        EV:  8    Int:  4    God:    Trog [**....]
Gold:   248        SH:  0    Dex:  9    Spells: 8/8 levels left

rFire   . . .      SeeInvis .   a - +0 hand axe
rCold   . . .      Faith    .   (no shield)
rNeg    . . .      Spirit   .   s - +0 plate armour
rPois   .          Reflect  .   (helmet restricted)
rElec   .          Harm     .   (no cloak)
rCorr   .          Rampage  .   (no gloves)
Will    .....                   (no boots)
Stlth   ..........              (no amulet)
HPRegen 0.29/turn               (no ring)
MPRegen 0.11/turn               (no ring)

@: berserking, very quick
A: horns 2, retaliatory headbutt
a: Renounce Religion, Berserk, Trog's Hand


You were on level 6 of the Dungeon.
You worshipped Trog.
Trog was pleased with you.
You visited 1 branch of the dungeon, and saw 6 of its levels.

You collected 248 gold pieces.

Inventory:

Hand Weapons
 a - a +0 hand axe (weapon)
Missiles
 i - a throwing net
Armour
 s - a +0 plate armour (worn)
Jewellery
 n - a ring of protection from cold
Wands
 g - a wand of charming (10)
 h - a wand of digging (3)
 r - a wand of polymorph (4)
Scrolls
 b - a scroll of identify
 d - a scroll of poison
 l - a scroll of fog
 p - a scroll of fear {unknown}
Potions
 c - a potion of brilliance
 e - a potion of flight
 f - 2 potions of haste
 j - a potion of might
 k - a potion of ambrosia
 m - a potion of magic {unknown}
 o - 2 potions of mutation {unknown}


   Skills:
 + Level 7.1 Fighting
 + Level 9.5 Axes
 + Level 8.5 Armour
 + Level 4.0 Dodging
 + Level 1.4 Stealth


You had 8 spell levels left.
You didn't know any spells.
Your spell library was empty.

Dungeon Overview and Level Annotations

Branches:
Dungeon (6/15)             Temple (0/1) D:4

Altars:
Ashenzari
Cheibriados
Gozag
Makhleb
Nemelex Xobeh
Okawaru
Uskayaw


Innate Abilities, Weirdness & Mutations

You have a pair of horns on your head.
You reflexively headbutt those who attack you in melee.


Message History

Your Fighting skill increases to level 7!
Your Axes skill increases to level 9!
Your Armour skill increases to level 8!
You slash the ice beast!
You punch the ice beast, but do no damage.
The ice beast is severely wounded.
You closely miss the water moccasin. The water moccasin bites you.
* * * LOW HITPOINT WARNING * * *
The ice beast hits you but does no damage.
You closely miss the ice beast.
The ice beast is severely wounded.
You hit the water moccasin.
The water moccasin bites you but does no damage.
You hit the ice beast.
The ice beast is almost dead.
You slash the water moccasin!
An orc comes into view. It is wielding a +0 club.
The ice beast completely misses you.
The water moccasin bites you but does no damage.
You barely miss the ice beast.
The ice beast is almost dead.
You closely miss the water moccasin.
The orc shouts!
You closely miss the ice beast.
The ice beast is almost dead.
You slash the water moccasin!
You kill the water moccasin!
Trog accepts your kill.
The ice beast hits you but does no damage.
Your Dodging skill increases to level 4!
You have reached level 9!
Your experience leads to an increase in your attributes!
Increase (S)trength, (I)ntelligence, or (D)exterity?
You feel stronger. x2
You hit the ice beast.
You kill the ice beast!
Trog accepts your kill.
You hit the jelly.
Your hands burn!
* * * LOW HITPOINT WARNING * * *
You hit the jelly.
Your hands burn!
You die...

#####. ....! #....
. .... #.. ##...
..o. #...#....#
#.#(..# #.@J.#
#.#.#.# #.#.# #.##.
#.# .# #.# #(
#.############ ###
#.?..'...'...# #.#
######...#.######.#


You could see a jelly and an orc.

Vanquished Creatures
  A cyclops (D:6)
  A hornet (D:6)
  A water moccasin (D:6)
  2 ice beasts
  A black bear (D:5)
  3 ogres
  2 phantoms (D:5)
  2 necrophages (D:5)
  A hound (D:5)
  2 orc priests (D:4)
  A gnoll shaman (D:5)
  An iguana (D:3)
  4 orc wizards
  12 gnolls
  7 adders
  An ufetubus (D:4)
  A worm (D:5)
  25 orcs
  4 endoplasms
  3 giant cockroaches
  8 goblins
  4 hobgoblins
  3 jackals (D:1)
  A quokka (D:4)
  10 ball pythons
  A bat (D:3)
  3 frilled lizards
  5 kobolds
  7 rats
117 creatures vanquished.

Notes
Turn   | Place    | Note
-------+----------+-------------------------------------------
     0 | D:1      | thiscave3701365 the Minotaur Berserker began the quest for
                  | the Orb.
     0 | D:1      | Reached XP level 1. HP: 19/19 MP: 0/0
   283 | D:1      | Found a faded altar of an unknown god.
   359 | D:1      | Reached XP level 2. HP: 27/27 MP: 1/1
   360 | D:1      | Reached skill level 4 in Axes
  1093 | D:2      | Reached XP level 3. HP: 33/33 MP: 2/2
  1099 | D:2      | Reached ** piety under Trog
  1320 | D:2      | Reached XP level 4. HP: 41/41 MP: 3/3
  1515 | D:2      | You fall into a shaft and drop 2 floors!
  1591 | D:4      | Noticed an ogre
  1600 | D:4      | Killed an ogre
  1601 | D:4      | Reached skill level 5 in Fighting
  1601 | D:4      | Reached skill level 5 in Axes
  1601 | D:4      | Reached XP level 5. HP: 21/48 MP: 4/4
  2045 | D:4      | Found a staircase to the Ecumenical Temple.
  2549 | D:3      | Reached XP level 6. HP: 56/56 MP: 5/5
  3607 | D:3      | Found a hide-covered altar of Uskayaw.
  3608 | D:3      | Found a burning altar of Makhleb.
  4498 | D:4      | Found a snail-covered altar of Cheibriados.
  4670 | D:4      | Found an iron altar of Okawaru.
  4820 | D:4      | Reached skill level 6 in Axes
  5215 | D:4      | Found an opulent altar of Gozag.
  5215 | D:4      | Found a sparkling altar of Nemelex Xobeh.
  5443 | D:5      | Entered Level 5 of the Dungeon
  5554 | D:5      | Noticed an ice beast
  5557 | D:5      | Reached skill level 5 in Armour
  5559 | D:5      | Reached skill level 1 in Stealth
  5559 | D:5      | Reached XP level 7. HP: 61/61 MP: 6/6
  5573 | D:5      | Reached skill level 7 in Axes
  6125 | D:5      | Reached XP level 8. HP: 70/70 MP: 7/7
  6154 | D:5      | Identified the +0 chain mail "Fuibbaimp" {Str+3}
  6170 | D:5      | Reached skill level 8 in Axes
  6274 | D:5      | Found a broken altar of Ashenzari.
  7013 | D:6      | Noticed a hornet
  7017 | D:6      | Paralysed by a hornet for 3 turns
  7021 | D:6      | Killed a hornet
  7315 | D:6      | Noticed a cyclops
  7326 | D:6      | Killed a cyclops
  7326 | D:6      | HP: 5/106 [ice beast (10)]
  7327 | D:6      | Reached skill level 9 in Axes
  7332 | D:6      | Reached XP level 9. HP: 5/79 MP: 8/8
  7332 | D:6      | HP: 2/118 [acid (3)]
  7333 | D:6      | Splashed by a jelly's acid

Illustrated notes

Levels and vault maps discovered:
D:1:      wander_arrival_lonely_grave, layout_basic,
          ebering_ecumenical_altar_rust
D:2:      layout_basic, minmay_misc_feat_tower, grunt_decor_mini_mirrors
D:3:      layout_basic, mainiacjoe_overflow_divided_tiny
D:4:      layout_loops_ring, grunt_temple_overflow_opulence,
          general_overflow_altar, mainiacjoe_overflow_24_doors, temple_doors_ab
D:5:      layout_basic, mainiacjoe_overflow_paths
D:6:      layout_basic, serial_shops, nicolae_shop_behind_doors,
          minmay_increasing_density

Skill      XL: |  1  2  3  4  5  6  7  8 |
---------------+-------------------------+-----
Axes           | 4 5 6 7 9 |  9.5
Fighting       | 4 5 6 7 |  7.1
Armour         | 3 4 5 6 8 |  8.5
Dodging        | 3 4 |  4.0
Stealth        | 1 |  1.4

Action                   |  1- 3 |  4- 6 |  7- 9 || total
-------------------------+-------+-------+-------++-------
Melee: Hand axe          |    47 |   132 |   111 ||   290
       Headbutt          |     7 |    21 |    17 ||    45
       Punch             |     2 |       |     3 ||     5
Invok: Berserk           |     1 |     9 |     5 ||    15
  Use: Scroll            |     4 |     8 |       ||    12
Armor: Animal skin       |     8 |       |       ||     8
       Scale mail        |     5 |    24 |       ||    29
       Chain mail        |       |    21 |    59 ||    80
       Plate armour      |       |       |    16 ||    16
Dodge: Dodged            |    33 |    61 |    40 ||   134

Table legend: (Time is in decaauts)
 A = Elapsed time spent in this place.
 B = Non-inter-level travel time spent in this place.
 C = Inter-level travel time spent in this place.
 D = Time resting spent in this place.
 E = Time spent auto-exploring this place.
 F = Levels seen in this place.
 G = Mean time per level.
                   A        B        C        D        E       F      G
               +--------+--------+--------+--------+--------+-----+--------+
         Total |   7443 |   6926 |    517 |   2135 |   4111 |   6 | 1240.5 |
       Dungeon |   7443 |   6926 |    517 |   2135 |   4111 |   6 | 1240.5 |
               +--------+--------+--------+--------+--------+-----+--------+

Top non-repeatable levels by time:
     D:4: 1701 daAuts
     D:5: 1564 daAuts
     D:3: 1474 daAuts
     D:2: 1313 daAuts
     D:1: 1029 daAuts
     D:6: 359 daAuts
